BSA
SEATTLE PIKES @ MAUI TROPICS
07/17/2026
 
TOP OF THE 1ST
Seattle Pikes batting - Pitching for Maui Tropics : LHP Kent Robinson
Pitching: LHP Kent Robinson
Batting: RHB Randy Sheppard 0-0: Called Strike
0-1: Foul Ball, location: 2F
0-2: Foul Ball, location: 2F
0-2: Ball
1-2: SINGLE (Line Drive, 7S)
Batting: RHB Tae-kwon Kwon 0-0: Called Strike
0-1: Ground out 4-3 (Groundball, 4M)
Randy Sheppard to second
Batting: RHB António Ortega 0-0: Called Strike
0-1: DOUBLE (Flyball, 7LM)
Randy Sheppard scores
Batting: RHB Alfredo Rivera 0-0: Ball
1-0: Foul Ball, location: 2F
1-1: Ball
2-1: Fly out, F5 (Popup, 5)
Batting: RHB Manuel Rico 0-0: Called Strike
0-1: Called Strike
0-2: Foul Ball, location: 2F
0-2: Ball
1-2: Foul Ball, location: 2F
1-2: Ground out 5-3 (Groundball, 56)
Top of the 1st over - 1 run(s), 2 hit(s), 0 error(s), 1 left on base; Seattle 1 - Maui 0
BOTTOM OF THE 1ST
Maui Tropics batting - Pitching for Seattle Pikes : RHP Rodrigo Aguilar
Pitching: RHP Rodrigo Aguilar
Batting: RHB Jeff Packard 0-0: Ball
1-0: Ground out 3-1 (Groundball, 34)
Batting: RHB Eugene Gill 0-0: Ball
1-0: Called Strike
1-1: Foul Ball, location: 2F
1-2: Strikes out looking
Batting: RHB José Herrera 0-0: Ball
1-0: Ball
2-0: SINGLE (Groundball, 6MD)
Batting: LHB Luis Antonio Torres 0-0: Ball
1-0: Called Strike
1-1: Swinging Strike
1-2: Ball
2-2: Foul Ball, location: 2F
2-2: SINGLE (Groundball, 4M)
José Herrera to second
Runner from 2nd tries for 3rd, SAFE, no throw or cutoff
Batting: LHB Anacleto Morillo 0-0: SINGLE (Groundball, 34D)
José Herrera scores
Luis Antonio Torres to second
Runner from 2nd tries for 3rd, SAFE, no throw or cutoff
Batting: RHB José Rodríguez 0-0: Foul Ball, location: 2F
0-1: Ball
1-1: Ball
2-1: DOUBLE (Line Drive, 5L)
Luis Antonio Torres scores
Anacleto Morillo to third
Batting: RHB Michael Woodruff 0-0: Called Strike
0-1: Swinging Strike
0-2: Strikes out swinging
Bottom of the 1st over - 2 run(s), 4 hit(s), 0 error(s), 2 left on base; Seattle 1 - Maui 2
TOP OF THE 2ND
Seattle Pikes batting - Pitching for Maui Tropics : LHP Kent Robinson
Batting: RHB Iván Gonzáles 0-0: Ball
1-0: Ball
2-0: Foul Ball, location: 2F
2-1: Ball
3-1: Base on Balls
Batting: SHB António Hernández 0-0: Ball
1-0: Swinging Strike
1-1: SINGLE (Line Drive, 8LS)
Iván Gonzáles to second
Batting: LHB Chad Weaver 0-0: Fly out, F5 (Popup, 2L)
Batting: RHB Kazushige Aoki 0-0: Grounds into double play, 5-4-3 (Groundball, 56)
Top of the 2nd over - 0 run(s), 1 hit(s), 0 error(s), 1 left on base; Seattle 1 - Maui 2
BOTTOM OF THE 2ND
Maui Tropics batting - Pitching for Seattle Pikes : RHP Rodrigo Aguilar
Batting: RHB Matt Silver 0-0: Foul Ball, location: 2F
0-1: Foul Ball, location: 2F
0-2: Ball
1-2: Ball
2-2: Foul Ball, location: 2F
2-2: SINGLE (Popup, 34D)
Batting: LHB Javier Espinoza 0-0: Ball
1-0: Called Strike
1-1: Ball
2-1: Fielders Choice at 2nd, 3-6 (Groundball, 3)
Batting: RHB Jeff Packard 0-0: Called Strike
0-1: Foul Ball, location: 2F
0-2: Foul Ball, location: 2F
0-2: Foul Ball, location: 2F
0-2: Ball
1-2: DOUBLE (Line Drive, 7LD)
Javier Espinoza to third
Batting: RHB Eugene Gill 0-0: Ball
1-0: Fly out, F7 (Line Drive, 7D)
Runner from 3rd tags up, SCORES, no throw
Jeff Packard to third
Batting: RHB José Herrera 0-0: Ball
1-0: Foul Ball, location: 2F
1-1: Ball
2-1: Hit by Pitch
Batting: LHB Luis Antonio Torres 0-0: Called Strike
0-1: Called Strike
0-2: Ball
1-2: Foul Ball, location: 2F
1-2: Ball
2-2: SINGLE (Line Drive, 6MD)
Jeff Packard scores
José Herrera to second
Runner from 2nd tries for 3rd, SAFE, no throw or cutoff
Batting: LHB Anacleto Morillo 0-0: Ball
1-0: Called Strike
1-1: Ball
2-1: Ball
3-1: Called Strike
3-2: SINGLE (Line Drive, 56)
José Herrera scores
Luis Antonio Torres to second
Luis Antonio Torres to third
Batting: RHB José Rodríguez 0-0: Called Strike
0-1: Ball
1-1: Called Strike
1-2: Ball
2-2: Ball
3-2: Ground out 1-3 (Groundball, 13S)
Bottom of the 2nd over - 3 run(s), 4 hit(s), 0 error(s), 2 left on base; Seattle 1 - Maui 5
TOP OF THE 3RD
Seattle Pikes batting - Pitching for Maui Tropics : LHP Kent Robinson
Batting: RHB Randy Sheppard 0-0: Ball
1-0: Called Strike
1-1: Foul Ball, location: 2F
1-2: SINGLE (Line Drive, 6D)
Batting: RHB Tae-kwon Kwon 0-0: Called Strike
0-1: Ball
1-1: Called Strike
1-2: Ball
2-2: Foul Ball, location: 2F
2-2: Ball
3-2: Grounds into double play, 6-4-3 (Groundball, 6)
Batting: RHB António Ortega 0-0: Ball
1-0: Ball
2-0: Ground out 6-3 (Groundball, 6)
Top of the 3rd over - 0 run(s), 1 hit(s), 0 error(s), 0 left on base; Seattle 1 - Maui 5
BOTTOM OF THE 3RD
Maui Tropics batting - Pitching for Seattle Pikes : RHP Rodrigo Aguilar
Batting: RHB Michael Woodruff 0-0: Ball
1-0: Called Strike
1-1: Ball
2-1: Fly out, F6 (Line Drive, 6M)
Batting: RHB Matt Silver 0-0: Ball
1-0: Ball
2-0: Called Strike
2-1: Ball
3-1: Base on Balls
Batting: LHB Javier Espinoza 0-0: Called Strike
Matt Silver steals 2nd base
0-1: Foul Ball, location: 2F
0-2: SINGLE (Line Drive, 34)
Matt Silver to third
Batting: RHB Jeff Packard 0-0: Called Strike
0-1: Ground out 5-3 (Groundball, 56S)
Matt Silver scores
Javier Espinoza to second
Batting: RHB Eugene Gill 0-0: Ball
1-0: Ball
2-0: Ball
3-0: Swinging Strike
3-1: Ground out 5-3 (Groundball, 56)
Bottom of the 3rd over - 1 run(s), 1 hit(s), 0 error(s), 1 left on base; Seattle 1 - Maui 6
TOP OF THE 4TH
Seattle Pikes batting - Pitching for Maui Tropics : LHP Kent Robinson
Batting: RHB Alfredo Rivera 0-0: Foul Ball, location: 2F
0-1: Ball
1-1: Fly out, F3 (Popup, 3)
Batting: RHB Manuel Rico 0-0: Ball
1-0: SINGLE (Flyball, 9LS)
Batting: RHB Iván Gonzáles 0-0: Called Strike
0-1: Swinging Strike
0-2: Foul Ball, location: 2F
0-2: 2-RUN HOME RUN (Line Drive, 7LD), Distance : 357 ft
Batting: SHB António Hernández 0-0: Ball
1-0: Foul Ball, location: 2F
1-1: SINGLE (Groundball, 34D) (infield hit)
Batting: LHB Chad Weaver 0-0: Ball
1-0: Ball
2-0: Swinging Strike
2-1: Foul Ball, location: 2F
2-2: Foul Ball, location: 2F
2-2: Grounds out, U3 (Groundball, 3L)
Batting: RHB Kazushige Aoki 0-0: Ball
1-0: Fly out, F7 (Flyball, 78S)
Top of the 4th over - 2 run(s), 3 hit(s), 0 error(s), 1 left on base; Seattle 3 - Maui 6
BOTTOM OF THE 4TH
Maui Tropics batting - Pitching for Seattle Pikes : RHP Rodrigo Aguilar
Batting: RHB José Herrera 0-0: Ball
1-0: SINGLE (Groundball, 6M)
Batting: LHB Luis Antonio Torres 0-0: SINGLE (Groundball, 34D)
José Herrera to second
Runner from 2nd tries for 3rd, SAFE, no throw or cutoff
Batting: LHB Anacleto Morillo 0-0: Called Strike
0-1: Ball
1-1: Fly out, F9 (Flyball, 89D)
Runner from 3rd tags up, SCORES, no throw
Pitching: LHP Albert Lebel
Batting: RHB José Rodríguez 0-0: Foul Ball, location: 2F
0-1: Ground out 5-3 (Groundball, 5S)
Luis Antonio Torres to second
Batting: RHB Michael Woodruff 0-0: Ball
1-0: Called Strike
1-1: Fly out, F9 (Popup, 34D)
Bottom of the 4th over - 1 run(s), 2 hit(s), 0 error(s), 1 left on base; Seattle 3 - Maui 7
TOP OF THE 5TH
Seattle Pikes batting - Pitching for Maui Tropics : LHP Kent Robinson
Batting: RHB Randy Sheppard 0-0: Ball
1-0: Fly out, F7 (Flyball, 7LM)
Batting: RHB Tae-kwon Kwon 0-0: Called Strike
0-1: Ball
1-1: Foul Ball, location: 2F
1-2: Ball
2-2: Ground out 5-3 (Groundball, 5S)
Batting: RHB António Ortega 0-0: Swinging Strike
0-1: Ball
1-1: Foul Ball, location: 2F
1-2: Foul Ball, location: 2F
1-2: Ball
2-2: Foul Ball, location: 2F
2-2: Ball
3-2: Foul Ball, location: 2F
3-2: SINGLE (Flyball, 89S)
Batting: RHB Alfredo Rivera 0-0: Swinging Strike
0-1: Ball
1-1: Foul Ball, location: 2F
1-2: Ball
2-2: Fly out, F6 (Line Drive, 6)
Top of the 5th over - 0 run(s), 1 hit(s), 0 error(s), 1 left on base; Seattle 3 - Maui 7
BOTTOM OF THE 5TH
Maui Tropics batting - Pitching for Seattle Pikes : LHP Albert Lebel
Batting: RHB Matt Silver 0-0: Reached on error, E6 (Groundball, 6)
Batting: LHB Javier Espinoza 0-0: Called Strike
0-1: Ball
1-1: Ball
2-1: Called Strike
2-2: Ball
3-2: Ground out 3-1 (Groundball, 3L)
Matt Silver to third
Batting: RHB Jeff Packard 0-0: Called Strike
0-1: Ball
1-1: Foul Ball, location: 2F
1-2: Fly out, F9 (Flyball, 9LM)
Runner from 3rd tags up, SCORES, no throw
Batting: RHB Eugene Gill 0-0: Called Strike
0-1: Ball
1-1: Ground out U3 (Groundball, 3)
Bottom of the 5th over - 1 run(s), 0 hit(s), 1 error(s), 0 left on base; Seattle 3 - Maui 8
TOP OF THE 6TH
Seattle Pikes batting - Pitching for Maui Tropics : LHP Kent Robinson
Batting: RHB Manuel Rico 0-0: Called Strike
0-1: Foul Ball, location: 2F
0-2: Foul Ball, location: 2F
0-2: Strikes out swinging
Batting: RHB Iván Gonzáles 0-0: Ball
1-0: Called Strike
1-1: Ground out 4-3 (Groundball, 4)
Batting: SHB António Hernández 0-0: Fly out, F3 (Popup, 3F)
Top of the 6th over - 0 run(s), 0 hit(s), 0 error(s), 0 left on base; Seattle 3 - Maui 8
BOTTOM OF THE 6TH
Maui Tropics batting - Pitching for Seattle Pikes : LHP Albert Lebel
Batting: RHB José Herrera 0-0: Called Strike
0-1: Ball
1-1: Ball
2-1: Called Strike
2-2: Foul Ball, location: 2F
2-2: Strikes out looking
Batting: LHB Luis Antonio Torres 0-0: DOUBLE (Flyball, 78D)
Batting: LHB Anacleto Morillo 0-0: Called Strike
0-1: Ball
1-1: Ball
2-1: Ground out U3 (Groundball, 3S)
Luis Antonio Torres to third
Batting: RHB José Rodríguez 0-0: Fly out, F8 (Line Drive, 8LM)
Bottom of the 6th over - 0 run(s), 1 hit(s), 0 error(s), 1 left on base; Seattle 3 - Maui 8
TOP OF THE 7TH
Seattle Pikes batting - Pitching for Maui Tropics : LHP Kent Robinson
Batting: LHB Chad Weaver 0-0: Swinging Strike
0-1: Called Strike
0-2: Ground out 3-1 (Groundball, 3)
Batting: RHB Kazushige Aoki 0-0: Swinging Strike
0-1: Foul Ball, location: 2F
0-2: Fly out, F5 (Line Drive, 56S)
Batting: RHB Randy Sheppard 0-0: Fly out, F4 (Popup, 4D)
Top of the 7th over - 0 run(s), 0 hit(s), 0 error(s), 0 left on base; Seattle 3 - Maui 8
BOTTOM OF THE 7TH
Maui Tropics batting - Pitching for Seattle Pikes : LHP Albert Lebel
Pitching: RHP Jesús Mendoza
Batting: RHB Michael Woodruff 0-0: Ball
1-0: Called Strike
1-1: Called Strike
1-2: Ball
2-2: Ball
3-2: Fly out, F4 (Popup, 3D)
Batting: RHB Matt Silver 0-0: Ball
1-0: Ball
2-0: SINGLE (Groundball, 5D) (infield hit)
Batting: LHB Javier Espinoza 0-0: Called Strike
0-1: Foul Ball, location: 2F
0-2: Strikes out looking
Batting: RHB Jeff Packard 0-0: Called Strike
0-1: Ground out 6-3 (Groundball, 6)
Bottom of the 7th over - 0 run(s), 1 hit(s), 0 error(s), 1 left on base; Seattle 3 - Maui 8
TOP OF THE 8TH
Seattle Pikes batting - Pitching for Maui Tropics : LHP Kent Robinson
Pitching: RHP Dave Riley
Batting: RHB Tae-kwon Kwon 0-0: Ground out 4-3 (Groundball, 4)
Batting: RHB António Ortega 0-0: Ground out 3-1 (Groundball, 34)
Batting: RHB Alfredo Rivera 0-0: Foul Ball, location: 2F
0-1: Foul Ball, location: 2F
0-2: Strikes out swinging
Top of the 8th over - 0 run(s), 0 hit(s), 0 error(s), 0 left on base; Seattle 3 - Maui 8
BOTTOM OF THE 8TH
Maui Tropics batting - Pitching for Seattle Pikes : RHP Jesús Mendoza
Batting: RHB Eugene Gill 0-0: Fly out, F8 (Flyball, 8RD)
Batting: RHB José Herrera 0-0: Ball
1-0: Ball
2-0: Called Strike
2-1: Called Strike
2-2: Strikes out swinging
Batting: LHB Luis Antonio Torres 0-0: Ball
1-0: Called Strike
1-1: Foul Ball, location: 2F
1-2: Ball
2-2: Strikes out swinging
Bottom of the 8th over - 0 run(s), 0 hit(s), 0 error(s), 0 left on base; Seattle 3 - Maui 8
TOP OF THE 9TH
Seattle Pikes batting - Pitching for Maui Tropics : RHP Dave Riley
Now in CF: Mario Olivares
Batting: RHB Manuel Rico 0-0: Ball
1-0: Foul Ball, location: 2F
1-1: Foul Ball, location: 2F
1-2: Ball
2-2: Ball
3-2: Strikes out swinging, 2-3 out at first.
Batting: RHB Iván Gonzáles 0-0: Called Strike
0-1: Ball
1-1: Foul Ball, location: 2F
1-2: Ground out 6-3 (Groundball, 6M)
Batting: SHB António Hernández 0-0: Ball
1-0: Foul Ball, location: 2F
1-1: Fly out, F8 (Flyball, 89D)
Top of the 9th over - 0 run(s), 0 hit(s), 0 error(s), 0 left on base; Seattle 3 - Maui 8
Monday, December 5th, 2016 - OOTP Baseball 17.12 Build 75